 Dungeon Crawl Stone Soup version 0.31-a0-232-gb1c03b2570 (webtiles) character file.

Game seed: 15009000885073236458

93 qw the Shooter (level 4, -1/26 HPs)
             Began as a Gargoyle Hexslinger on July 7, 2023.
             Slain by Grinder (3 damage)
             ... on level 3 of the Dungeon.
             The game lasted 00:00:51 (2396 turns).

qw the Shooter (Gargoyle Hexslinger)                Turns: 2396, Time: 00:00:51

Health: -1/26      AC:  8    Str: 12    XL:     4   Next: 61%
Magic:  5/5        EV: 11    Int: 13    God:
Gold:   85         SH:  0    Dex: 14    Spells: 4/5 levels left

rFire   + . .        b - +0 arbalest
rCold   . . .        (shield currently unavailable)
rNeg    + . .        j - +0 leather armour
rPois   inf          f - +1 helmet
rElec   +            (no cloak)
rCorr   .            (no gloves)
SInv    .            (no boots)
Will    .....        d - amulet of faith
Stlth   +            g - ring of protection from fire
HPRegen 0.24/turn    (no ring)
MPRegen 0.09/turn

%: faith
@: no status effects
A: sickness immunity, AC +3, negative energy resistance 1, electricity
resistance, torment resistance 1, petrification resistance
a: no special abilities


You were on level 3 of the Dungeon.
You visited 1 branch of the dungeon, and saw 3 of its levels.

You collected 143 gold pieces.
You spent 58 gold pieces at shops.


Innate Abilities, Weirdness & Mutations

You are immune to sickness and miasma.
Your stone body is resilient. (AC +3)
You are immune to poison.
You resist negative energy. (rN+)
You are resistant to electric shocks. (rElec)
You are resistant to unholy torment.
You are immune to petrification.


   Skills:
 - Level 2.2 Fighting
 + Level 4.3 Ranged Weapons
 - Level 1.5 Dodging
 - Level 1.0 Spellcasting
 - Level 2.6 Hexes


You had 4 spell levels left.
You knew the following spells:

 Your Spells              Type           Power      Damage    Failure   Level
a - Slow                  Hex            28%        N/A       12%         1

Your spell library contained the following spells:

 Spells                   Type           Power      Damage    Failure   Level
 Inner Flame              Hex/Fire       4%         N/A       52%         3
 Portal Projectile        Hex/Tloc       8%         N/A       52%         3
 Cause Fear               Hex            3%         N/A       75%         4

Inventory:

Hand Weapons
 b - a +0 arbalest (weapon)
Armour
 f - a +1 helmet (worn)
 j - a +0 leather armour (worn)
 l - a +0 ring mail
Jewellery
 d - an amulet of faith (around neck)
 e - an amulet of the acrobat
 g - a ring of protection from fire (left hand)
Scrolls
 a - a scroll of fog {unknown}
 c - a scroll of identify
 h - a scroll of fear {unknown}
 k - a scroll of teleportation {unknown}
Potions
 i - a potion of resistance {unknown}

Dungeon Overview and Level Annotations

Branches:
Dungeon (3/15)

Altars:

Shops:
D:3 (

Annotations:
D:3 Grinder


Message History

Enter note:
Enter note: You shoot a bolt.
The bolt hits the kobold.
The kobold shouts!
The kobold is moderately wounded.
You shoot a bolt. The bolt misses the kobold.
Grinder comes into view.
You shoot a bolt. The bolt barely misses the kobold.
Grinder shouts!
Grinder gestures at you.
You suddenly lose the ability to move!
The kobold hits you but does no damage. x2
You can move again.
You shoot a bolt. The bolt barely misses the kobold.
The kobold hits you but does no damage.
You shoot a bolt. The bolt barely misses Grinder.
You shoot a bolt.
The bolt hits the kobold but does no damage.
The kobold is moderately wounded.
The kobold closely misses you. Grinder hits you but does no damage.
The kobold hits you but does no damage. Grinder closely misses you.
You shoot a bolt. The bolt barely misses the kobold.
The kobold barely misses you. Grinder hits you.
You writhe in agony.
The kobold hits you with a +0 dagger. Grinder barely misses you.
You shoot a bolt. The bolt closely misses the kobold.
The kobold hits you but does no damage. Grinder hits you but does no damage.
You shoot a bolt. The bolt hits Grinder!
Grinder is moderately wounded.
The kobold closely misses you. Grinder hits you but does no damage.
The kobold closely misses you. Grinder barely misses you.
You shoot a bolt. The bolt barely misses Grinder.
The kobold closely misses you. Grinder gestures at you.
You barely resist. The kobold misses you. Grinder hits you.
You shoot a bolt. The bolt barely misses Grinder.
The kobold hits you but does no damage. Grinder hits you! Grinder hits you.
The kobold hits you but does no damage.
You shoot a bolt. The bolt closely misses Grinder.
The kobold completely misses you. Grinder hits you.
You writhe in agony.
You die...

#......# #...# #...
#......# #...# ####
#......# #...# #......#
#.#.## #......# #.#..#
##########.#..#########
#..........#)....)....#
#..........#.######...#
#..$..5@.....# #...#
......K...#########...##
.....#####....(.......>.
.... .############# ...
.# .. .# .


You could see Grinder and a kobold.

Vanquished Creatures
  3 adders
  2 worms (D:2)
  2 dart slugs (D:3)
  An orc (D:3)
  4 endoplasms
  3 giant cockroaches
  3 goblins (D:1)
  3 hobgoblins
  6 jackals
  A quokka (D:1)
  2 ball pythons
  7 bats
  11 frilled lizards
  4 kobolds
  5 rats
57 creatures vanquished.

Notes
Turn   | Place    | Note
-------+----------+-------------------------------------------
     0 | D:1      | qw the Gargoyle Hexslinger began the quest for the Orb.
     0 | D:1      | Reached XP level 1. HP: 12/12 MP: 2/2
     0 | D:1      | 0 ||| qw: Version: 0.3-a-46-gb1f654a
     0 | D:1      | 0 ||| qw: Game counter: 2692
     0 | D:1      | 0 ||| qw: Melee chars always use a shield: true
     0 | D:1      | 0 ||| qw: God list: Okawaru
     0 | D:1      | 0 ||| qw: Allow faded altars: false
     0 | D:1      | 0 ||| qw: Do Orc after clearing Dungeon:15 true
     0 | D:1      | 0 ||| qw: Do second Lair branch before Depths: true
     0 | D:1      | 0 ||| qw: Lair rune preference: random
     0 | D:1      | 0 ||| qw: Goals: Normal
     0 | D:1      | 0 ||| PLANNING D:1-11
   179 | D:1      | Reached XP level 2. HP: 16/16 MP: 3/3
   723 | D:1      | Reached skill level 3 in Ranged Weapons
   844 | D:1      | 844 ||| UPGRADING to +0 helmet.
   849 | D:1      | 849 ||| UPGRADING to +0 leather armour.
   859 | D:1      | 859 ||| DROPPING +0 robe.
   860 | D:1      | 860 ||| UPGRADING to amulet of the acrobat.
   865 | D:1      | 865 ||| READING scroll labelled BULUKKO UPEOS.
   866 | D:1      | 866 ||| READING scroll labelled HIAS RYGOYHU.
   867 | D:1      | 867 ||| READING scroll labelled JOF SAICHAQIP.
   868 | D:1      | 868 ||| DROPPING scroll of poison.
   987 | D:2      | Reached XP level 3. HP: 19/21 MP: 4/4
  1518 | D:2      | Reached XP level 4. HP: 26/26 MP: 5/5
  1697 | D:2      | 1697 ||| READING scroll of enchant armour.
  1697 | D:2      | 1697 ||| ENCHANTING +0 helmet.
  1762 | D:2      | 1762 ||| UPGRADING to amulet of faith.
  1772 | D:2      | 1772 ||| UPGRADING to ring of protection from fire.
  1773 | D:2      | 1773 ||| READING scroll labelled SYD WET RUMOST.
  1774 | D:2      | 1774 ||| READING 2 scrolls of identify.
  1774 | D:2      | 1774 ||| IDENTIFYING metallic golden potion
  1775 | D:2      | 1775 ||| DROPPING potion of attraction.
  2014 | D:3      | Found Ynugo's Weapon Emporium.
  2018 | D:3      | 2018 ||| BUYING +0 arbalest (58 gold).
  2018 | D:3      | Bought a +0 arbalest for 58 gold pieces
  2018 | D:3      | 2018 ||| SWAPPING to +0 arbalest.
  2019 | D:3      | 2019 ||| DROPPING +2 sling.
  2030 | D:3      | Reached skill level 4 in Ranged Weapons
  2383 | D:3      | Noticed Grinder
  2384 | D:3      | Paralysed by Grinder for 4 turns
  2395 | D:3      | HP: 6/26 [Grinder (5)]
  2396 | D:3      | HP: 2/26 [Grinder (4)]
  2396 | D:3      | Slain by Grinder

Levels and vault maps discovered:
D:1:      lemuel_arrival_rhombus, layout_basic, minmay_misc_feat_doors,
          minmay_misc_feat_x, hangedman_abyss_or_decor_lesser_grid,
          corexii_item_surrounded_by_moat
D:2:      layout_basic, minmay_lizard_king
D:3:      layout_basic, serial_shops, shop, grunt_ministairs_1,
          minmay_tree_intersection, uniq_grinder

Skill      XL: |  1  2  3  4 |
---------------+-------------+-----
Ranged Weapons | 3 4 |  4.3
Fighting       | 2 |  2.2
Dodging        | |  1.5
Spellcasting   | |  1.0
Hexes          | |  2.6

Action                     |  1- 3 |  4- 6 || total
---------------------------+-------+-------++-------
   Fire: Sling             |   137 |    30 ||   167
         Arbalest          |       |    40 ||    40
    Use: Scroll            |     3 |     3 ||     6
 Armour: Leather armour    |    30 |    22 ||    52
         Robe              |     3 |       ||     3
  Dodge: Dodged            |    57 |    33 ||    90

Table legend:
 A = Non-vault XP
 B = Vault XP
 C = Vault XP percentage of total XP
 D = Non-vault monster count
 E = Vault monster count
 F = Vault count percentage of total count
                 A         B        C        D         E       F
            +---------+---------+-------+---------+---------+-------
      Total |     118 |      15 |  11.3 |      45 |      12 |  21.1
            +---------+---------+-------+---------+---------+-------
        D:1 |      22 |       0 |   0.0 |      14 |       0 |   0.0
        D:2 |      58 |       9 |  13.4 |      18 |       9 |  33.3
        D:3 |      38 |       6 |  13.6 |      13 |       3 |  18.8
            +---------+---------+-------+---------+---------+-------
